 Dungeon Crawl Stone Soup version 0.23.0-3-gf3c87f2 (webtiles) character file.

Game seed: 11786715120420310956

295 Borgoz the Sneak (level 6, -1/52 HPs)
             Began as a Ghoul Monk on Feb 22, 2019.
             Was a Believer of Ashenzari.
             Killed from afar by Natasha (8 damage)
             ... with a magic dart
             ... on level 3 of the Dungeon.
             The game lasted 00:06:48 (4332 turns).

Borgoz the Sneak (Ghoul Monk)                       Turns: 4332, Time: 00:06:50

Health: -1/52      AC:  3    Str: 15    XL:     6   Next: 34%
Magic:  0/5        EV: 13    Int:  7    God:    Ashenzari [**....]
Gold:   127        SH:  0    Dex: 11    Spells: 5/5 levels left

rFire    + . .     SeeInvis .   a - +0 short sword
rCold    + + .     Gourm    .   (no shield)
rNeg     + + +     Faith    .   j - +0 leather armour
rPois    ∞         Spirit   +   (no helmet)
rElec    +         Reflect  .   (no cloak)
rCorr    +         Harm     .   (no gloves)
MR       .....                  (no boots)
Stlth    ++........             d - amulet of guardian spirit
HPRegen  0.00/turn              (no ring)
MPRegen  0.09/turn              (no ring)

@: resistant, rotting
A: rotting body, claws 1, carnivore, cold resistance 1, negative energy
resistance 3, inhibited regeneration, torment resistance, unbreathing
a: Curse Item, Scrying, Renounce Religion


You were on level 3 of the Dungeon.
You worshipped Ashenzari.
Ashenzari was pleased with you.
You were not hungry.

You visited 2 branches of the dungeon, and saw 5 of its levels.

You collected 127 gold pieces.

Inventory:

Hand Weapons
 a - a +0 short sword (weapon)
Missiles
 e - 14 poisoned needles
Armour
 j - a +0 leather armour (worn)
 k - a +0 shield
Jewellery
 d - an amulet of guardian spirit (around neck)
Wands
 g - a wand of enslavement (7)
 p - a wand of iceblast (4)
Scrolls
 b - a scroll of fog {unknown}
 l - a scroll of enchant weapon {unknown}
 m - 2 scrolls of fear {unknown}
Potions
 i - a potion of curing {unknown}
 n - a potion of flight {unknown}
 o - a potion of resistance
Comestibles
 c - 7 rations


   Skills:
 + Level 4.0 Fighting
 * Level 3.9 Short Blades
 + Level 1.6 Armour
 * Level 3.8 Dodging
 * Level 4.2 Stealth


You had 5 spell levels left.
You didn't know any spells.
Your spell library contained the following spells:

 Spells                   Type           Power        Failure   Level  Hunger
 Metabolic Englaciation   Hex/Ice        #.........   100%        5    ######.
 Bolt of Cold             Conj/Ice       #.........   100%        6    #######
 Freezing Cloud           Conj/Ice/Air   #.........   100%        6    #######
 Ozocubu's Refrigeration  Ice            #.........   100%        6    #######
 Simulacrum               Ice/Necr       #.........   100%        6    #######
 Ice Form                 Ice/Tmut       Unusable     N/A         4    N/A

Dungeon Overview and Level Annotations

Branches:
Dungeon (4/15)             Temple (1/1) D:4

Altars:
Ashenzari
Cheibriados
Dithmenos
Elyvilon
Fedhas
Gozag
Hepliaklqana
Kikubaaqudgha
Makhleb
Nemelex Xobeh
Okawaru
Qazlal
Ru
Sif Muna
Trog
Vehumet
Wu Jian
Xom
Yredelemnul
Zin
The Shining One

Annotations:
D:3 Natasha


Innate Abilities, Weirdness & Mutations

Your body is rotting away.
You thrive on raw meat.
You are immune to poison.
You have sharp fingernails.
You are carnivorous and can eat meat at any time.
Your flesh is cold resistant. (rC+)
You are immune to negative energy. (rN+++)
You do not regenerate when monsters are visible.
You are immune to unholy pain and torment.
You can survive without breathing.


Message History

Natasha is severely wounded.
Natasha barely misses you.
You hit Natasha but do no damage.
Natasha is severely wounded.
Natasha claws you.
* * * LOW HITPOINT WARNING * * *
You hit Natasha but do no damage.
Natasha is severely wounded.
You hit Natasha.
Natasha is almost dead.
Natasha mumbles some strange words.
You completely miss Natasha.
Natasha is almost dead.
Natasha claws you.
* * * LOW HITPOINT WARNING * * *
It was a potion of resistance.
You feel protected.
Natasha stares at you and mumbles some strange words.
The magic dart hits you!
You die...

* ♣. ##### * ♣.
######...########. P.
* ...........>......♣
...
,,..........######.#♣
♣♣♣, ########..# , ,
* #..# * ######.$# *
♣..5h@..# , ♣.#######
, * *


You could see Natasha and a white imp.

Vanquished Creatures
  A scorpion (D:4)
  A bullfrog skeleton (D:4)
  An iguana (D:4)
  2 worker ants (D:4)
  4 adders
  A shadow imp (D:4)
  2 oozes
  An adder skeleton (D:4)
  4 worms
  2 dart slugs
  A leopard gecko (D:1)
  4 orcs (D:4)
  3 bats
  5 giant cockroaches
  8 goblins
  5 hobgoblins
  7 jackals
  4 quokkas (D:4)
  2 ball pythons
  2 frilled lizards (D:4)
  6 kobolds
  A quokka skeleton (D:4)
  5 rats
72 creatures vanquished.

Vanquished Creatures (collateral kills)
  2 jackals (D:4)
2 creatures vanquished.

Grand Total: 74 creatures vanquished

Notes
Turn   | Place    | Note
-------+----------+-------------------------------------------
     0 | D:1      | Borgoz the Ghoul Monk began the quest for the Orb.
     0 | D:1      | Reached XP level 1. HP: 19/19 MP: 0/0
   191 | D:1      | Reached XP level 2. HP: 25/25 MP: 1/1
   775 | D:2      | Reached XP level 3. HP: 30/31 MP: 2/2
  1704 | D:2      | Reached XP level 4. HP: 34/39 MP: 3/3
  2568 | D:3      | You fall through a shaft!
  2598 | D:4      | Reached skill level 1 in Armour
  2845 | D:4      | Reached XP level 5. HP: 45/46 MP: 4/4
  2918 | D:4      | Found a staircase to the Ecumenical Temple.
  3045 | Temple   | Entered the Ecumenical Temple
  3324 | Temple   | Became a worshipper of Ashenzari the Shackled
  3324 | Temple   | Reached * piety under Ashenzari
  3324 | Temple   | Reached ** piety under Ashenzari
  3706 | D:4      | Reached XP level 6. HP: 45/52 MP: 5/5
  4309 | D:3      | Noticed Natasha
  4332 | D:3      | Killed from afar by Natasha

Skill      XL: |  1  2  3  4  5  6 |
---------------+-------------------+-----
Dodging        | 3 |  3.8
Short Blades   | 3 |  3.9
Stealth        | 3 4 |  4.2
Armour         | 1 |  1.6
Fighting       | 4 |  4.0

Action                   |  1- 3 |  4- 6 || total
-------------------------+-------+-------++-------
Melee: Short sword       |   113 |   290 ||   403
Evoke: Wand              |       |     2 ||     2
  Use: Potion            |     2 |     3 ||     5
       Scroll            |     1 |       ||     1
 Stab: Sleeping          |     9 |     3 ||    12
  Eat: Chunk             |     6 |    23 ||    29
Armor: Robe              |     2 |       ||     2
       Leather armour    |     8 |    38 ||    46
Dodge: Dodged            |    65 |   179 ||   244
